[Event "Titled Tuesday Blitz October 19 2021"]
[White "Obregon, Andres Carlos"]
[Black "Zubov, Alexander"]
[WhiteFideId "111724"]
[BlackFideId "14109409"]
[WhiteElo "2572"]
[BlackElo "2685"]
[Result "0-1"]
[Round "07"]
[TimeControl "180+1"]
[Date "2021.10.19"]
[WhiteClock "0:00:43"]
[BlackClock "0:00:39"]

1. e4 c5 2. Nf3 e6 3. d4 cxd4 4. Nxd4 a6 5. Nc3 b5 6. Bd3 Qb6 7. Nf3 Qc7 8. O-O Bb7 9. Re1 Be7 10. e5 f5 11. Nd4 g6 12. a4 b4 13. Na2 Nc6 14. Nxc6 Qxc6 15. Bf1 Bc5 16. a5 Ne7 17. c3 bxc3 18. Nxc3 Nd5 19. Na4 Be7 20. Bh6 Qc7 21. Qb3 Bc6 22. Bd2 O-O 23. Qg3 f4 24. Qd3 Bb5 25. Qd4 Bxf1 26. Rxf1 f3 27. g3 Rf5 28. Rfe1 Rb8 29. Rac1 Qb7 30. Nc5 Qxb2 31. Qd3 Bxc5 32. Rxc5 Rb3 0-1


[Site "https://www.chess.com"]

[Event "Titled Tuesday Blitz October 19 2021"]
[White "Ozen, Bahadir"]
[Black "Ceres, Dragos"]
[WhiteFideId "6337058"]
[BlackFideId "13905864"]
[WhiteElo "2503"]
[BlackElo "2094"]
[Result "1-0"]
[Round "07"]
[TimeControl "180+1"]
[Date "2021.10.19"]
[WhiteClock "0:00:43"]
[BlackClock "0:00:08"]

1. Nf3 Nf6 2. e3 e6 3. Be2 d5 4. O-O c5 5. d4 Nc6 6. c3 Bd6 7. dxc5 Bxc5 8. Nbd2 O-O 9. b4 Bd6 10. a3 Qc7 11. c4 Ne5 12. c5 Nxf3+ 13. Nxf3 Be7 14. Bb2 b6 15. Be5 Qb7 16. Rc1 bxc5 17. bxc5 Bd7 18. Qd4 Rfc8 19. Nd2 Qc6 20. Nb3 a5 21. Qa1 Qb7 22. Rb1 Qa7 23. Rfc1 a4 24. Nd4 Rxc5 25. Bd3 Rac8 26. Rxc5 Qxc5 27. Nc2 h6 28. Bd4 Qc7 29. h3 Ne8 30. Nb4 Bf6 31. Na2 e5 32. Rc1 Qb8 33. Rxc8 Bxc8 34. Bc3 e4 35. Be2 Qb3 36. Bxf6 Nxf6 37. Nb4 Be6 38. Nc6 Qb6 39. Nd4 Kh7 40. Qd1 Qa5 41. Bf1 Bd7 42. Qc1 Qb6 43. Qc2 Qd6 44. Qc3 Ne8 45. Be2 Nc7 46. Bd1 Ne6 47. Nf5 Qc5 48. Qb2 g6 49. Ng3 d4 50. Nxe4 Qd5 51. Nf6+ 1-0


[Site "https://www.chess.com"]

[Event "Titled Tuesday Blitz October 19 2021"]
[White "Paltrinieri, Nicholas"]
[Black "Maksimovic, Bojan"]
[WhiteFideId "828262"]
[BlackFideId "14408120"]
[WhiteElo "2254"]
[BlackElo "2439"]
[Result "0-1"]
[Round "07"]
[TimeControl "180+1"]
[Date "2021.10.19"]
[WhiteClock "0:00:15"]
[BlackClock "0:00:20"]

1. f4 d5 2. Nf3 g6 3. e3 Bg7 4. Be2 Nh6 5. d3 c5 6. O-O Nc6 7. c3 d4 8. e4 O-O 9. Qe1 Ng4 10. Na3 e5 11. Nc4 b5 12. Ncxe5 Ncxe5 13. fxe5 Nxe5 14. Nxe5 Bxe5 15. Bh6 Re8 16. Rc1 Be6 17. a3 Qd6 18. g3 c4 19. Rd1 dxc3 20. bxc3 cxd3 21. Rxd3 Qxa3 22. c4 Qc5+ 23. Be3 Qxc4 24. Rd5 Qxe4 25. Bf3 Qxf3 26. Rxe5 Qc6 27. Bd4 Rad8 28. Ba1 Qb6+ 29. Kg2 Bd5+ 30. Kh3 Rxe5 31. Qxe5 Qe6+ 32. g4 Qxe5 33. Bxe5 a5 34. Bf6 Ra8 35. Rd1 Be6 36. Rd6 a4 37. Rb6 Bc4 38. Kg3 a3 39. h4 a2 40. Ba1 Kf8 41. Rb7 Ke8 42. Kf4 Rd8 43. Bf6 Rd6 44. g5 Rxf6+ 45. gxf6 a1=Q 46. Rb8+ Kd7 47. Rb7+ Kc6 48. Rb6+ Kxb6 0-1


[Site "https://www.chess.com"]

[Event "Titled Tuesday Blitz October 19 2021"]
[White "Piesik, Piotr"]
[Black "Durarbayli, Vasif"]
[WhiteFideId "1136194"]
[BlackFideId "13402935"]
[WhiteElo "2336"]
[BlackElo "2522"]
[Result "1-0"]
[Round "07"]
[TimeControl "180+1"]
[Date "2021.10.19"]
[WhiteClock "0:00:28"]
[BlackClock "0:00:01"]

1. Nf3 b6 2. g3 Bb7 3. Bg2 Nf6 4. O-O c5 5. c4 e6 6. Nc3 Be7 7. d3 d6 8. e4 a6 9. Ne1 Qc7 10. f4 Nbd7 11. Nc2 Bc6 12. g4 g6 13. Bf3 h6 14. h4 b5 15. g5 hxg5 16. hxg5 Nh5 17. Kg2 d5 18. e5 Nxe5 19. fxe5 Qxe5 20. Qe1 Nf4+ 21. Bxf4 Qxf4 22. Qg3 Qxg3+ 23. Kxg3 Bd6+ 24. Kg4 Bd7 25. Rh1 O-O-O 26. Bg2 e5+ 27. Kf3 e4+ 28. dxe4 dxc4 29. Nd5 Be6 30. Nce3 Be5 31. b3 c3 32. Rxh8 Rxh8 33. Rh1 Rxh1 34. Bxh1 Kb7 35. Ke2 a5 36. Bf3 Kc6 37. Kd3 b4 38. Bg4 Kb5 39. Bxe6 fxe6 40. Ne7 Bf4 41. Nc4 Bxg5 42. Nxg6 a4 43. Nf8 axb3 44. axb3 e5 45. Nxe5 Bf6 46. Nc4 Kc6 47. Ne6 Bh8 48. Nf4 1-0


[Site "https://www.chess.com"]

[Event "Titled Tuesday Blitz October 19 2021"]
[White "Rzayev, Bahruz"]
[Black "Timmermans, Mark"]
[WhiteFideId "13403036"]
[BlackFideId "1026399"]
[WhiteElo "2331"]
[BlackElo "2460"]
[Result "0-1"]
[Round "07"]
[TimeControl "180+1"]
[Date "2021.10.19"]
[WhiteClock "0:00:19"]
[BlackClock "0:00:22"]

1. e4 e5 2. Nf3 Nc6 3. d4 exd4 4. Nxd4 Nf6 5. Nxc6 bxc6 6. e5 Qe7 7. Qe2 Nd5 8. c4 Nb6 9. b3 g6 10. Bb2 Bg7 11. Nd2 O-O 12. O-O-O Re8 13. Ne4 Bxe5 14. Bxe5 Qxe5 15. Nf6+ Kf8 16. Nxe8 Qa1+ 17. Kc2 Qxa2+ 18. Kc3 Qa5+ 19. Kb2 Na4+ 20. bxa4 Rb8+ 21. Kc1 Qc3+ 22. Qc2 Qa3+ 23. Kd2 Rb2 24. Nf6 Qd6+ 25. Ke1 Qe5+ 26. Qe2 Rxe2+ 27. Bxe2 Qc3+ 28. Rd2 Qxf6 29. h4 Qa1+ 30. Bd1 d6 31. h5 Be6 32. c5 Qe5+ 33. Kf1 Qxc5 34. hxg6 hxg6 35. Rh8+ Kg7 36. Ra8 Qc4+ 37. Ke1 Qe4+ 38. Re2 Qxg2 39. Rxa7 Bg4 40. f3 Qg1+ 41. Kd2 Qxa7 42. fxg4 Qd4+ 43. Ke1 Qxg4 44. Rf2 Qb4+ 45. Kf1 c5 46. Kg2 c4 47. Bc2 c3 48. Re2 d5 49. Kf2 d4 50. Kf3 c5 51. Ke4 d3+ 52. Kxd3 Qd4# 0-1


[Site "https://www.chess.com"]

[Event "Titled Tuesday Blitz October 19 2021"]
[White "Salimova, Nurgyul"]
[Black "Erdogmus, Yagiz Kaan"]
[WhiteFideId "2915138"]
[BlackFideId "44599790"]
[WhiteElo "2071"]
[BlackElo "1783"]
[Result "1-0"]
[Round "07"]
[TimeControl "180+1"]
[Date "2021.10.19"]
[WhiteClock "0:00:48"]
[BlackClock "0:00:38"]

1. e4 c5 2. Nf3 d6 3. d4 cxd4 4. Nxd4 Nf6 5. Nc3 a6 6. Bg5 e6 7. f4 Nbd7 8. Qf3 Qc7 9. O-O-O b5 10. a3 Bb7 11. g4 Rc8 12. Bxf6 Nxf6 13. g5 Nd7 14. Bh3 Nc5 15. Kb1 Be7 16. f5 e5 17. f6 exd4 18. Nd5 Bxd5 19. exd5 Nd7 20. Bxd7+ Kxd7 21. Qf5+ Ke8 22. Rhe1 gxf6 23. gxf6 Kf8 24. Rxe7 Qc4 25. Rxf7+ Kxf7 26. Qe6+ 1-0


[Site "https://www.chess.com"]

[Event "Titled Tuesday Blitz October 19 2021"]
[White "Samadov, Read"]
[Black "Orlov, Georgi"]
[WhiteFideId "13417444"]
[BlackFideId "2011271"]
[WhiteElo "2084"]
[BlackElo "2570"]
[Result "1-0"]
[Round "07"]
[TimeControl "180+1"]
[Date "2021.10.19"]
[WhiteClock "0:00:13"]
[BlackClock "0:00:15"]

1. d4 Nf6 2. c4 Nc6 3. Nf3 e6 4. a3 d6 5. Nc3 g6 6. e4 Bg7 7. h3 O-O 8. Bg5 h6 9. Be3 Re8 10. Qd2 Kh7 11. Bd3 e5 12. d5 Nd4 13. Nxd4 exd4 14. Bxd4 Nxe4 15. Bxe4 f5 16. Bxg7 Kxg7 17. Qd4+ Qf6 18. O-O-O fxe4 19. Nxe4 Qxd4 20. Rxd4 Bf5 21. Ng3 Bd7 22. Kd2 h5 23. Re1 Rxe1 24. Kxe1 Rf8 25. f3 a5 26. Kd2 a4 27. Ke3 Ra8 28. Re4 Kf6 29. Rf4+ Kg7 30. h4 Ra6 31. Kd2 Rb6 32. Kc2 Rb3 33. Re4 Kf6 34. Re2 b5 35. Ne4+ Kf7 36. c5 Bf5 37. cxd6 cxd6 38. Re1 Bxe4+ 39. Rxe4 Kg7 40. Re6 b4 41. axb4 Rxb4 42. Rxd6 Rxh4 43. Ra6 Rd4 44. d6 Kf7 45. Kc3 Rd1 46. Kc4 Rd2 47. Kc5 Rc2+ 48. Kd5 Rd2+ 49. Kc6 Rc2+ 50. Kd7 Rxb2 51. Rxa4 Rxg2 52. Rf4+ Kg7 53. Ke7 g5 54. Re4 h4 55. d7 Rd2 56. d8=Q Rxd8 57. Kxd8 Kf6 58. Kd7 Kf5 59. Rg4 h3 60. Rg3 Kf4 61. Rxh3 1-0


[Site "https://www.chess.com"]

[Event "Titled Tuesday Blitz October 19 2021"]
[White "Savchenko, Boris"]
[Black "Matsenko, Andrei"]
[WhiteFideId "4147332"]
[BlackFideId "24146501"]
[WhiteElo "2526"]
[BlackElo "2179"]
[Result "1-0"]
[Round "07"]
[TimeControl "180+1"]
[Date "2021.10.19"]
[WhiteClock "0:00:59"]
[BlackClock "0:01:26"]

1. e4 c6 2. d4 d5 3. Nc3 dxe4 4. Nxe4 Bf5 5. Ng3 Bg6 6. h4 h6 7. Nh3 Nf6 8. Nf4 Bh7 9. c3 e6 10. Bc4 Bd6 11. Qe2 O-O 12. Ngh5 Nbd7 13. Bd2 c5 14. dxc5 Nxc5 15. O-O Nxh5 16. Nxh5 Qxh4 17. g3 Qe4 18. Be3 Rad8 19. Rad1 Be7 20. b3 a6 21. a4 Bg6 22. Nf4 Bf5 23. a5 Qc2 24. b4 Qxe2 25. Nxe2 Ne4 26. Bb6 Rc8 27. Bd3 Nxc3 28. Nxc3 Rxc3 29. Bxf5 exf5 30. Rd7 Bxb4 31. Rxb7 Ra3 32. Ra7 Bxa5 33. Bc5 Rb3 34. Bxf8 Kxf8 35. Ra8+ Ke7 36. Rxa6 Bb6 37. Re1+ Kf6 38. Re8 Kg5 39. Kf1 Bd4 40. Re7 Rb1+ 41. Re1 Rb2 42. Re2 Rb4 43. Rd6 h5 44. Rd7 Kg6 45. Ree7 Rb1+ 46. Kg2 Rb2 47. Rxd4 Kf6 48. Rdd7 Kg6 1-0


[Site "https://www.chess.com"]

[Event "Titled Tuesday Blitz October 19 2021"]
[White "Sethuraman, S.P."]
[Black "Sanal, Vahap"]
[WhiteFideId "5021596"]
[BlackFideId "6300545"]
[WhiteElo "2477"]
[BlackElo "2492"]
[Result "0-1"]
[Round "07"]
[TimeControl "180+1"]
[Date "2021.10.19"]
[WhiteClock "0:00:08"]
[BlackClock "0:01:38"]

1. e4 c5 2. Nf3 e6 3. d4 cxd4 4. Nxd4 a6 5. Bd3 Nf6 6. O-O d6 7. c4 Be7 8. b3 Qc7 9. Bb2 Nbd7 10. Nc3 b6 11. f4 O-O 12. Kh1 Re8 13. Qe2 Bb7 14. Rae1 g6 15. Nf3 Rad8 16. Ng5 Bf8 17. Bb1 Bg7 18. e5 Nh5 19. exd6 Qxd6 20. Nce4 Qe7 21. Bxg7 Nxg7 22. Qf2 h6 23. Nf3 Nc5 24. Ne5 Nf5 25. Nxc5 Qxc5 26. Qxc5 bxc5 27. Bxf5 exf5 28. Kg1 Kg7 29. Rd1 Be4 30. Nd7 Bc6 31. Ne5 Be4 32. Nd7 Ba8 33. Rf2 Re4 34. Rfd2 Rxf4 35. Nxc5 Rxd2 36. Rxd2 Rg4 37. Nd7 f4 38. Kf1 f3 39. gxf3 Rf4 40. Ne5 Kf6 41. Ng4+ Kg5 42. Nf2 Rxf3 43. Rd8 Bc6 44. Rd6 Bb7 45. Rb6 Bc8 46. c5 Bf5 47. c6 Kf4 48. Ke2 Rc3 49. Rxa6 Rc2+ 50. Ke1 Kf3 51. Nd1 Re2+ 52. Kf1 Bh3+ 53. Kg1 Re1# 0-1


[Site "https://www.chess.com"]

[Event "Titled Tuesday Blitz October 19 2021"]
[White "Shipov, Sergei"]
[Black "Langrock, Hannes"]
[WhiteFideId "4113624"]
[BlackFideId "4655290"]
[WhiteElo "2781"]
[BlackElo "2325"]
[Result "1-0"]
[Round "07"]
[TimeControl "180+1"]
[Date "2021.10.19"]
[WhiteClock "0:01:16"]
[BlackClock "0:00:14"]

1. d4 f5 2. g3 Nf6 3. Bg2 g6 4. b4 Bg7 5. Bb2 c6 6. Nf3 O-O 7. O-O d5 8. Nbd2 Kh8 9. c4 Be6 10. Qc2 Nbd7 11. a4 Ne4 12. c5 Bg8 13. e3 e5 14. Nb3 exd4 15. Bxd4 Qe7 16. Na5 Ndf6 17. Qb2 a6 18. Ne5 Ne8 19. Rad1 N4f6 20. Rfe1 Ng4 21. Nf3 Rb8 22. h3 Ngf6 23. Be5 Nd7 24. Bxg7+ Qxg7 25. Qxg7+ Kxg7 26. Nd4 Ne5 27. f4 Nf7 28. Ne6+ Kf6 29. Nxf8 Ke7 30. Nxh7 Bxh7 31. g4 Nd8 32. b5 axb5 33. axb5 Ra8 34. Nb3 Ra3 35. Nd4 Rc3 36. Rc1 Rd3 37. Kf2 Nf6 38. g5 Ne4+ 39. Bxe4 dxe4 40. Red1 Ra3 41. Ra1 Rc3 42. Rdc1 Rd3 43. Ra7 Ke8 44. bxc6 1-0


[Site "https://www.chess.com"]

[Event "Titled Tuesday Blitz October 19 2021"]
[White "Shtembuliak, Evgeny"]
[Black "Ovetchkin, Roman"]
[WhiteFideId "14113325"]
[BlackFideId "4119991"]
[WhiteElo "2504"]
[BlackElo "2432"]
[Result "0-1"]
[Round "07"]
[TimeControl "180+1"]
[Date "2021.10.19"]
[WhiteClock "0:00:17"]
[BlackClock "0:00:24"]

1. e4 c6 2. d4 d5 3. e5 Bf5 4. h4 h6 5. g4 Bd7 6. h5 e6 7. f4 c5 8. c3 Nc6 9. Nf3 Qb6 10. Kf2 Rc8 11. Kg3 cxd4 12. cxd4 Nxd4 13. Nxd4 Rxc1 14. Qxc1 Qxd4 15. Qc3 Bc5 16. Qxd4 Bxd4 17. Nc3 f6 18. Re1 fxe5 19. fxe5 Ne7 20. Nb5 Bxb5 21. Bxb5+ Kd8 22. Re2 a6 23. Ba4 b5 24. Bb3 Nc6 25. Rhe1 Rf8 26. a3 Kc7 27. Ba2 a5 28. Bb1 Kb6 29. Bd3 a4 30. g5 hxg5 31. Kg4 Rf4+ 32. Kxg5 Rf3 33. Bb1 Rb3 34. Kg6 Bxb2 35. Kxg7 Rg3+ 36. Bg6 Bc3 37. h6 Ne7 38. Rh1 Nxg6 39. Kf6 b4 40. axb4 a3 41. h7 Bb2 42. Re3 Rxe3 43. Kxg6 Bxe5 44. Kf7 a2 45. Kxe6 a1=Q 0-1


[Site "https://www.chess.com"]

[Event "Titled Tuesday Blitz October 19 2021"]
[White "Svane, Rasmus"]
[Black "Kovalev, Vladislav"]
[WhiteFideId "4657101"]
[BlackFideId "13504398"]
[WhiteElo "2643"]
[BlackElo "2573"]
[Result "0-1"]
[Round "07"]
[TimeControl "180+1"]
[Date "2021.10.19"]
[WhiteClock "0:00:06"]
[BlackClock "0:00:08"]

1. Nf3 Nf6 2. g3 g6 3. Bg2 Bg7 4. O-O O-O 5. d4 d6 6. Re1 Nc6 7. d5 Nb8 8. c4 e5 9. dxe6 Bxe6 10. Nd4 Bc8 11. Nc3 Re8 12. b3 Nbd7 13. Bb2 Nc5 14. Qc2 a5 15. Rad1 c6 16. Bc1 Nfd7 17. Nf3 Qe7 18. Bg5 Qf8 19. h3 Ne5 20. Nxe5 dxe5 21. Be3 Bf5 22. Qc1 Qe7 23. Qa3 Bf8 24. Qc1 Be6 25. Kh2 f6 26. Qa3 f5 27. Qc1 Bg7 28. Bg5 Bf6 29. Bxf6 Qxf6 30. Rd6 Qe7 31. Red1 Rad8 32. Rxd8 Rxd8 33. f4 e4 34. Qe3 Rxd1 35. Nxd1 Qd6 36. Nc3 b6 37. g4 h6 38. gxf5 gxf5 39. Qg3+ Kh7 40. Qh4 Bf7 41. Qg3 Ne6 42. e3 Qd2 43. Na4 b5 44. Nb6 Qd8 45. c5 Nxc5 46. Na8 Qxa8 47. Qh4 Qe8 48. Qf6 Qe6 49. Qd4 Nd3 50. Bf1 c5 51. Qd8 c4 52. Qxa5 cxb3 53. axb3 Qxb3 54. Qc7 Qd5 55. Be2 Kg6 56. Qe7 Ne1 57. Kg3 Nf3 58. Kf2 Qd2 59. h4 Qe1+ 60. Kg2 Qxe2+ 0-1


[Site "https://www.chess.com"]

[Event "Titled Tuesday Blitz October 19 2021"]
[White "Tang, Andrew"]
[Black "Zhigalko, Sergei"]
[WhiteFideId "2059630"]
[BlackFideId "13502956"]
[WhiteElo "2588"]
[BlackElo "2662"]
[Result "1-0"]
[Round "07"]
[TimeControl "180+1"]
[Date "2021.10.19"]
[WhiteClock "0:00:06"]
[BlackClock "0:00:04"]

1. d4 Nf6 2. c4 e6 3. Nc3 Bb4 4. Qc2 O-O 5. Nf3 d6 6. g3 b6 7. Bg2 Bb7 8. O-O Bxc3 9. Qxc3 Nbd7 10. Rd1 h6 11. b4 a5 12. b5 Re8 13. Ba3 Qb8 14. Bh3 Qa7 15. Rac1 Rad8 16. Nd2 Qa8 17. f3 e5 18. e4 exd4 19. Qxd4 Nc5 20. Re1 Bc8 21. Bg2 Be6 22. Bb2 Qc8 23. Nf1 Bh3 24. Ne3 Bxg2 25. Kxg2 Ne6 26. Qc3 Nd7 27. Nf5 f6 28. Rcd1 Ndc5 29. Qd2 Qd7 30. h4 Qf7 31. Re2 Kh7 32. Qc2 Kg8 33. Kh2 Nd7 34. Kg2 Ne5 35. Bc1 Kh8 36. Be3 Nf8 37. Bc1 Qxc4 38. Qxc4 Nxc4 39. Rc2 d5 40. exd5 Nd6 41. Nd4 Rd7 42. Bf4 Ng6 43. Bxd6 Rxd6 44. Nf5 Rd7 45. f4 Red8 46. Rcd2 Ne7 47. Ne3 Nc8 48. Kf3 Nd6 49. a4 Nb7 50. Rc2 Nc5 51. Rc4 Re8 52. Rxc5 bxc5 53. Rc1 Rde7 54. Nf5 Re2 55. Rxc5 g6 56. Nxh6 f5 57. Nf7+ Kg7 58. Ne5 R8xe5 59. fxe5 Rxe5 60. Rxc7+ Kf6 61. Rc6+ Kf7 62. d6 Rd5 63. b6 Ke6 64. Kf4 Rd4+ 65. Kg5 Rg4+ 66. Kh6 Rxg3 67. d7+ Kxd7 68. Rxg6 Rb3 69. Kg5 Rb4 70. h5 f4 71. h6 f3 72. h7 f2 73. Rf6 Rxb6 74. h8=Q f1=Q 75. Rxf1 Kc6 76. Qd4 Kb7 77. Rf7+ Ka6 78. Rf6 Ka7 79. Qxb6+ Ka8 80. Rf8# 1-0


[Site "https://www.chess.com"]

[Event "Titled Tuesday Blitz October 19 2021"]
[White "Timofeev, Artyom"]
[Black "Borsuk, Konstantin"]
[WhiteFideId "4140419"]
[BlackFideId "14113406"]
[WhiteElo "2591"]
[BlackElo "2397"]
[Result "1-0"]
[Round "07"]
[TimeControl "180+1"]
[Date "2021.10.19"]
[WhiteClock "0:00:47"]
[BlackClock "0:00:05"]

1. c4 e6 2. Nf3 b6 3. d3 Bb7 4. e4 g6 5. Bg5 f6 6. Be3 d5 7. exd5 exd5 8. Nc3 dxc4 9. dxc4 Qxd1+ 10. Rxd1 Bb4 11. Be2 Ne7 12. O-O Bxc3 13. bxc3 c5 14. Rd6 Rf8 15. g4 g5 16. Rfd1 Nbc6 17. Bd3 h6 18. Be4 Na5 19. Bxb7 Nxb7 20. Re6 Kf7 21. Re4 Rad8 22. Re1 Nc6 23. Bc1 Nd6 24. R4e2 Nxc4 25. Kg2 Rd3 26. h4 Rxc3 27. hxg5 hxg5 28. Be3 Nxe3+ 29. fxe3 Ke6 30. Rh1 Ne5 31. Nxe5 Kxe5 32. Rh7 Ra3 33. Rd2 Re8 34. Kf3 c4 35. Rc7 Rd3 36. Rxd3 cxd3 37. Rd7 Rc8 38. Rxd3 Rc4 39. a3 Ra4 40. Rc3 a5 41. Rb3 Kd5 42. Rxb6 Rxa3 43. Rxf6 a4 44. Rf5+ Kc4 45. Rxg5 Rb3 46. Ra5 Kb4 47. Ra8 Rc3 48. g5 Rc5 49. Kf4 a3 50. g6 Rc7 51. e4 Kb3 52. Kf5 a2 53. e5 1-0


[Site "https://www.chess.com"]

[Event "Titled Tuesday Blitz October 19 2021"]
[White "Aggelis, Nikolaos"]
[Black "Samadov, Read"]
[WhiteFideId "4213220"]
[BlackFideId "13417444"]
[WhiteElo "2154"]
[BlackElo "2084"]
[Result "1/2-1/2"]
[Round "08"]
[TimeControl "180+1"]
[Date "2021.10.19"]
[WhiteClock "0:00:06"]
[BlackClock "0:00:02"]

1. d4 Nf6 2. g3 d5 3. Nf3 e6 4. Bg2 b5 5. O-O Bb7 6. b3 Nbd7 7. c4 bxc4 8. bxc4 dxc4 9. Na3 Nb6 10. Nxc4 Be7 11. Na5 Be4 12. Bf4 O-O 13. Rc1 Nbd5 14. Nc6 Qe8 15. Nxe7+ Qxe7 16. Ne5 Bxg2 17. Kxg2 Qa3 18. Qb3 Qxb3 19. axb3 Rab8 20. Ra1 Rxb3 21. Rxa7 Rb2 22. Kf3 h6 23. h4 Rfb8 24. Nd3 R8b3 25. Bxc7 Ne4 26. Bf4 Ndc3 27. Nxb2 Rxb2 28. Re1 g5 29. hxg5 hxg5 30. Be3 Kg7 31. Ra3 Kg6 32. Rc1 g4+ 33. Kxg4 Nxe2 34. Rc8 Ng1 35. Raa8 Nf6+ 36. Kh4 Nf3+ 37. Kh3 Kf5 38. Ra5+ Ke4 39. Rf8 Rb1 40. Rxf7 Rh1+ 41. Kg2 Rg1+ 42. Kh3 Rh1+ 43. Kg2 Rh2+ 44. Kf1 Rh1+ 45. Kg2 1/2-1/2


[Site "https://www.chess.com"]

[Event "Titled Tuesday Blitz October 19 2021"]
[White "Aradhya, Garg"]
[Black "Salimova, Nurgyul"]
[WhiteFideId "25006746"]
[BlackFideId "2915138"]
[WhiteElo "2146"]
[BlackElo "2071"]
[Result "1-0"]
[Round "08"]
[TimeControl "180+1"]
[Date "2021.10.19"]
[WhiteClock "0:00:07"]
[BlackClock "0:00:03"]

1. d4 Nf6 2. c4 e6 3. Nf3 d5 4. Nc3 Be7 5. Bf4 O-O 6. a3 c5 7. dxc5 dxc4 8. e4 Qa5 9. Bxc4 Nxe4 10. b4 Nxc3 11. Qb3 Qa4 12. Qxc3 Nc6 13. O-O Bf6 14. Ne5 Nxe5 15. Bxe5 Bxe5 16. Qxe5 Bd7 17. Rfd1 Bc6 18. Rd3 a5 19. Rg3 g6 20. h4 Qc2 21. Bd3 Qd2 22. b5 Bd5 23. h5 Qh6 24. hxg6 hxg6 25. Qf6 Qg7 26. Qxg7+ Kxg7 27. Be2 Rac8 28. Rc3 Rfd8 29. f3 a4 30. Kf2 Bb3 31. Bd3 Kf6 32. Rac1 Ke7 33. Ke3 Rd5 34. Be4 Rd7 35. c6 bxc6 36. bxc6 Rdc7 37. f4 Kd6 38. Rd3+ Bd5 39. Rcd1 Rxc6 40. Bxd5 exd5 41. Rxd5+ Ke6 42. Ra5 Rc3+ 43. Rd3 Rxd3+ 44. Kxd3 Rb8 45. Rxa4 Rb2 46. g4 Rg2 47. Re4+ Kf6 48. g5+ Kf5 49. a4 Ra2 50. Rb4 Ra3+ 51. Kc2 Kg4 52. Kb2 Re3 53. a5 Re6 54. Ra4 Ra6 55. Kc3 Kf5 56. Kb4 Ra8 57. Kb5 Ke6 58. a6 Kd6 59. a7 Kc7 60. Ka6 Kd6 61. Kb7 1-0


[Site "https://www.chess.com"]

[Event "Titled Tuesday Blitz October 19 2021"]
[White "Bordi, Kevin"]
[Black "Hjartarson, Johann"]
[WhiteFideId "621862"]
[BlackFideId "2300044"]
[WhiteElo "2739"]
[BlackElo "2502"]
[Result "0-1"]
[Round "08"]
[TimeControl "180+1"]
[Date "2021.10.19"]
[WhiteClock "0:00:19"]
[BlackClock "0:01:06"]

1. g4 d5 2. Bg2 c6 3. g5 g6 4. h4 h5 5. d4 Bg7 6. Bf4 Nd7 7. e3 e5 8. dxe5 Nxe5 9. c3 Ne7 10. Nf3 Bg4 11. Nbd2 Nd3+ 12. Kf1 Nxf4 13. exf4 O-O 14. Qb3 Qd6 15. Ne5 Bxe5 16. fxe5 Qxe5 17. Re1 Qd6 18. Qxb7 Nf5 19. Qb4 c5 20. Qb7 Qf4 21. Nb3 Ng3+ 22. Kg1 Nxh1 23. Bxh1 Bf3 24. Bxf3 Qxf3 25. Re3 Qg4+ 26. Rg3 Qd1+ 27. Kg2 Rae8 28. Nxc5 Re1 29. Nd3 Rg1+ 30. Kh2 Rh1+ 31. Kg2 Qf1+ 0-1


[Site "https://www.chess.com"]

[Event "Titled Tuesday Blitz October 19 2021"]
[White "Bortnyk, Olexandr"]
[Black "Shipov, Sergei"]
[WhiteFideId "14120828"]
[BlackFideId "4113624"]
[WhiteElo "2723"]
[BlackElo "2785"]
[Result "0-1"]
[Round "08"]
[TimeControl "180+1"]
[Date "2021.10.19"]
[WhiteClock "0:00:01"]
[BlackClock "0:00:18"]

1. e4 e6 2. d4 d5 3. Nc3 h6 4. Bd3 Nc6 5. Nf3 Nb4 6. Be2 Nf6 7. e5 Ne4 8. O-O Be7 9. Nxe4 dxe4 10. Nd2 c5 11. dxc5 e3 12. Ne4 Qd5 13. Qxd5 exd5 14. Nd6+ Bxd6 15. cxd6 Nxc2 16. Rb1 Nd4 17. Bd3 Nc6 18. Bxe3 Nxe5 19. Bc2 Be6 20. f4 Nc4 21. Bc5 b6 22. Ba4+ Kd8 23. Bd4 f6 24. Rfe1 Bd7 25. Bxd7 Kxd7 26. Re7+ Kxd6 27. Rxg7 Nd2 28. Rc1 Rac8 29. Rxc8 Rxc8 30. g4 Nf3+ 31. Kg2 Nxd4 32. Rxa7 Rc2+ 33. Kg3 Rxb2 34. Rf7 Ke6 35. Rb7 Ne2+ 36. Kf3 Ng1+ 37. Ke3 Nh3 38. f5+ Kd6 39. Rf7 Kc5 40. Rc7+ Kb5 41. Rf7 Rxh2 42. Rxf6 Ng5 43. Rg6 Kc5 44. f6 d4+ 45. Kd3 Rh3+ 46. Kc2 Kc4 47. Rg8 Rh2+ 48. Kb1 d3 49. Rc8+ Kd4 50. Rd8+ Ke3 51. Re8+ Kd2 52. Kb2 Rf2 53. f7 Rxf7 54. Rh8 Rf6 55. Re8 Kd1 56. a4 d2 57. Re3 Rf3 58. Re5 Rf4 59. Rd5 Ke2 60. Kc2 Rc4+ 61. Kb3 Rxg4 62. Kc2 Ne4 63. a5 bxa5 64. Rd4 h5 65. Rd8 h4 66. Kb2 h3 67. Kc2 h2 68. Kb2 h1=Q 69. Rd4 Ke3 0-1


[Site "https://www.chess.com"]

[Event "Titled Tuesday Blitz October 19 2021"]
[White "Dang, Hoang Son"]
[Black "Goltsev, Dmitry"]
[WhiteFideId "12402435"]
[BlackFideId "24176710"]
[WhiteElo "2248"]
[BlackElo "2334"]
[Result "1-0"]
[Round "08"]
[TimeControl "180+1"]
[Date "2021.10.19"]
[WhiteClock "0:00:48"]
[BlackClock "0:00:10"]

1. d4 Nf6 2. Nc3 e6 3. Bg5 Be7 4. e4 Nxe4 5. Bxe7 Nxc3 6. Bxd8 Nxd1 7. Bxc7 Nxb2 8. a4 d5 9. Nf3 Na6 10. Bd6 Nc4 11. Bxc4 dxc4 12. Ne5 Bd7 13. Nxc4 Bc6 14. f3 O-O-O 15. Bg3 Rxd4 16. Nd6+ Rxd6 17. Bxd6 Rd8 18. Bg3 Nb4 19. O-O Nxc2 20. Rac1 Nd4 21. Rfe1 f6 22. Rc4 e5 23. Bf2 Kc7 24. Bxd4 exd4 25. Rd1 d3 26. Rc3 Kb6 27. Rb3+ Ka5 28. Rbxd3 Rxd3 29. Rxd3 Kxa4 30. Kf2 Kb4 31. Rd4+ Kc3 32. Ke3 a5 33. Rd3+ Kc4 34. Rd4+ Kc5 35. Rg4 a4 36. Kd2 g6 37. Rf4 f5 38. g4 Bd7 39. gxf5 gxf5 40. Rh4 b5 41. Kc3 Be6 42. Rf4 a3 43. Rh4 Bd7 44. Kb3 b4 45. Rc4+ Kd6 46. Rxb4 Bc6 47. f4 Be4 48. Kxa3 Kc5 49. Kb3 h5 50. Kc3 Kd5 51. Rb5+ Ke6 52. Kd4 h4 53. Re5+ Kf6 54. Rxe4 fxe4 55. Kxe4 h3 56. Kf3 Ke6 57. Kg4 Kf6 58. Kxh3 Kf5 59. Kg3 Kg6 60. Kg4 Kh6 61. h4 Kg6 62. h5+ Kh6 63. f5 Kh7 64. Kg5 Kg7 65. h6+ Kh7 66. f6 Kh8 67. Kg6 Kg8 68. f7+ Kf8 69. h7 1-0


[Site "https://www.chess.com"]

[Event "Titled Tuesday Blitz October 19 2021"]
[White "Gabrielian, Artur"]
[Black "Khusenkhojaev, Muhammad"]
[WhiteFideId "4131002"]
[BlackFideId "14700247"]
[WhiteElo "2489"]
[BlackElo "2190"]
[Result "1-0"]
[Round "08"]
[TimeControl "180+1"]
[Date "2021.10.19"]
[WhiteClock "0:00:59"]
[BlackClock "0:00:02"]

1. e4 e5 2. Nc3 Nf6 3. g3 d5 4. exd5 Nxd5 5. Bg2 Nxc3 6. bxc3 Nc6 7. Nf3 Bc5 8. O-O O-O 9. Re1 Re8 10. d4 exd4 11. Rxe8+ Qxe8 12. cxd4 Bd6 13. c4 b6 14. Bb2 Bb7 15. Nh4 Bf8 16. d5 Na5 17. Qd4 Qe2 18. Bf1 Qh5 19. Re1 f6 20. Bh3 Bc5 21. Be6+ Kh8 22. Qxf6 Bf8 23. Nf5 Qg6 24. Qxg6 hxg6 25. Re4 g5 26. Rg4 Kh7 27. Rxg5 Nxc4 28. Bf7 g6 29. Bxg6+ Kg8 30. Be8+ Kh7 31. Rh5+ Kg8 32. Rh8# 1-0


[Site "https://www.chess.com"]

[Event "Titled Tuesday Blitz October 19 2021"]
[White "Gaehwiler, Gabriel"]
[Black "Sethuraman, S.P."]
[WhiteFideId "1314530"]
[BlackFideId "5021596"]
[WhiteElo "2320"]
[BlackElo "2477"]
[Result "1/2-1/2"]
[Round "08"]
[TimeControl "180+1"]
[Date "2021.10.19"]
[WhiteClock "0:00:08"]
[BlackClock "0:00:53"]

1. d4 Nf6 2. c4 e6 3. Nf3 d5 4. g3 dxc4 5. Bg2 a6 6. O-O Nc6 7. Nbd2 b5 8. Ne5 Nxe5 9. Bxa8 Qxd4 10. Nf3 Nxf3+ 11. Bxf3 Qb6 12. a4 Bc5 13. Bg5 Bd4 14. Qd2 O-O 15. Rad1 c5 16. e3 Be5 17. Bf4 Bxf4 18. exf4 Nd5 19. axb5 axb5 20. Bxd5 exd5 21. Qxd5 b4 22. Rfe1 Be6 23. Qd6 Qxd6 24. Rxd6 g6 25. Rc6 Ra8 26. Rxc5 Ra2 27. Rxe6 fxe6 28. Rxc4 Rxb2 29. Rc7 b3 30. Rb7 Rb1+ 31. Kg2 b2 32. h4 Kf8 33. Kf3 h5 34. Ke2 Ke8 35. Kd2 Kd8 36. Kc2 Rf1 37. Kxb2 Rxf2+ 38. Kc3 Rf3+ 39. Kd4 Rxg3 40. Ke5 Rg4 41. Kd6 Kc8 42. Rg7 Rxh4 43. Rxg6 Rxf4 44. Kxe6 h4 45. Rh6 Kd8 46. Ke5 Ra4 47. Kf5 Ke7 48. Kg5 Kf7 49. Rxh4 Rxh4 50. Kxh4 1/2-1/2


[Site "https://www.chess.com"]